 Dungeon Crawl Stone Soup version 0.29.0-4-gdea44cf6ec (webtiles) character file.

Game seed: 6912570270572824275

101 qw the Chopper (level 4, 0/24 (26) HPs)
             Began as a Tengu Warper on Aug 28, 2022.
             Slain by a wight
             ... wielding a +2 scimitar
              (11 damage)
             ... on level 3 of the Dungeon.
             The game lasted 00:00:14 (3071 turns).

qw the Chopper (Tengu Warper)                       Turns: 3071, Time: 00:00:15

HP:   0/24 (26)     AC:  8    Str: 13    XL:     4   Next: 75%
MP:   8/8           EV:  6    Int: 14    God:
Gold: 113           SH:  0    Dex: 13    Spells: 7/7 levels left

rFire   . . .      SeeInvis .   Y - +1 hand axe
rCold   . . .      Faith    .   (no shield)
rNeg    . . .      Spirit   .   d - +0 chain mail
rPois   .          Reflect  .   (helmet restricted)
rElec   .          Harm     .   (no cloak)
rCorr   .          Rampage  .   (no gloves)
Will    .....                   (boots unavailable)
Stlth   ..........              (no amulet)
HPRegen 0.08/turn               (no ring)
MPRegen 0.11/turn               (no ring)

@: drained
A: beak, talons 3
a: no special abilities


You were on level 3 of the Dungeon.
You visited 1 branch of the dungeon, and saw 3 of its levels.

You collected 113 gold pieces.


Innate Abilities, Weirdness & Mutations

You have a beak for a mouth.
You have claws for feet.


   Skills:
 - Level 2.0 Fighting
 + Level 5.3 Axes
 - Level 1.0 Throwing
 - Level 1.1 Armour
 - Level 2.1 Dodging
 - Level 2.0 Spellcasting
 - Level 2.4 Translocations


You had 7 spell levels left.
You didn't know any spells.
Your spell library contained the following spells:

 Spells                   Type           Power      Damage    Failure   Level
 Blink                    Tloc           16%        N/A       99%         2
 Gell's Gravitas          Tloc           8%         N/A       100%        3
 Lesser Beckoning         Tloc           8%         N/A       100%        3
 Teleport Other           Tloc           8%         N/A       100%        3
 Manifold Assault         Tloc           8%         N/A       100%        5

Inventory:

Hand Weapons
 l - a +0 flail
 Y - a +1 hand axe (weapon)
Armour
 d - a +0 chain mail (worn)
Scrolls
 a - a scroll of teleportation
 f - a scroll of identify
 g - a scroll of enchant armour
Potions
 b - a potion of degeneration {unknown}
 e - a potion of mutation {unknown}
 h - a potion of flight {unknown}
 k - a potion of attraction {unknown}
 m - a potion of brilliance {unknown}
 n - a potion of curing {unknown}

Dungeon Overview and Level Annotations

Branches:
Dungeon (3/15)

Altars:


Message History

a stone; a +0 whip; a kobold corpse
There is an open door here.
A wight comes into view. It is wielding a +4 short sword.
Enter note: You slash the wight!
Your kick misses the wight.
The wight is heavily damaged.
The wight hits you but does no damage.
You hit the wight.
The wight is heavily damaged.
The wight hits you with a +4 short sword!
You feel drained.
You closely miss the wight. Your kick misses the wight.
The wight is heavily damaged.
The wight hits you with a +4 short sword.
You feel drained.
You completely miss the wight. You claw the wight, but do no damage.
The wight is heavily damaged.
The wight hits you with a +4 short sword.
You hit the wight but do no damage.
The wight is heavily damaged.
The wight hits you with a +4 short sword.
You hit the wight. Your kick misses the wight. You peck the wight.
You destroy the wight!
Your life force feels restored.
Your Axes skill increases to level 5!
You have reached level 4!
You feel clever.
You start resting.
HP restored.
A wight comes into view. It is wielding a +2 scimitar.
Found a stone staircase leading down.
Things that are here:
a +4 short sword; a +0 robe You closely miss the wight.
Your peck misses the wight. The wight hits you with a +2 scimitar!
You feel drained.
You hit the wight.
The wight is moderately damaged.
The wight barely misses you.
You hit the wight. You claw the wight.
The wight is heavily damaged.
The wight hits you with a +2 scimitar!
You die...

####### #####
......####...######.#.##
.............'..@z.....>
......####...######.#.#.
......# #...# ......#
#...# ####### #...#
#...# #...# #...#


You could see a wight.

Vanquished Creatures
  A wight (D:3)
  2 worms (D:2)
  2 ball pythons (D:1)
  8 endoplasms
  3 goblins
  5 hobgoblins
  4 jackals (D:2)
  A quokka (D:3)
  2 bats
  2 frilled lizards
  5 kobolds
  2 rats
37 creatures vanquished.

Notes
Turn   | Place    | Note
-------+----------+-------------------------------------------
     0 | D:1      | qw the Tengu Warper began the quest for the Orb.
     0 | D:1      | Reached XP level 1. HP: 12/12 MP: 4/4
     0 | D:1      | 0 ||| qw: Version: 0.1-a-89-g26bdef1
     0 | D:1      | 0 ||| qw: Game counter: 2834
     0 | D:1      | 0 ||| qw: Always use a shield: true
     0 | D:1      | 0 ||| qw: God list: Okawaru
     0 | D:1      | 0 ||| qw: Allow faded altars: false
     0 | D:1      | 0 ||| qw: Do Orc after D:15 true
     0 | D:1      | 0 ||| qw: Do second Lair branch before Depths: true
     0 | D:1      | 0 ||| qw: Lair rune preference: random
     0 | D:1      | 0 ||| qw: Plans: Normal
     0 | D:1      | 0 ||| PLANNING D:1-11
   231 | D:1      | 231 ||| DROPPING +0 club.
   244 | D:1      | 244 ||| Stepping ~*~*~tactically~*~*~ (stealth).
   253 | D:1      | 253 ||| Stepping ~*~*~tactically~*~*~ (stealth).
   254 | D:1      | 254 ||| Stepping ~*~*~tactically~*~*~ (stealth).
   255 | D:1      | 255 ||| Stepping ~*~*~tactically~*~*~ (stealth).
   259 | D:1      | 259 ||| Stepping ~*~*~tactically~*~*~ (stealth).
   287 | D:1      | 287 ||| Stepping ~*~*~tactically~*~*~ (stealth).
   308 | D:1      | 308 ||| Stepping ~*~*~tactically~*~*~ (stealth).
   311 | D:1      | 311 ||| Stepping ~*~*~tactically~*~*~ (stealth).
   315 | D:1      | 315 ||| Stepping ~*~*~tactically~*~*~ (stealth).
   316 | D:1      | 316 ||| Stepping ~*~*~tactically~*~*~ (stealth).
   374 | D:1      | 374 ||| Stepping ~*~*~tactically~*~*~ (stealth).
   375 | D:1      | 375 ||| Stepping ~*~*~tactically~*~*~ (stealth).
   376 | D:1      | 376 ||| Stepping ~*~*~tactically~*~*~ (stealth).
   382 | D:1      | 382 ||| Stepping ~*~*~tactically~*~*~ (stealth).
   383 | D:1      | 383 ||| Stepping ~*~*~tactically~*~*~ (stealth).
   529 | D:1      | Reached XP level 2. HP: 10/17 MP: 6/6
   688 | D:1      | Reached skill level 3 in Axes
   980 | D:1      | 980 ||| READING scroll labelled FERAJU KUAZXE.
  1119 | D:1      | 1119 ||| READING 2 scrolls labelled HAUSUTECKU.
  1120 | D:1      | 1120 ||| READING scroll labelled NEUQUU NUTA.
  1125 | D:1      | 1125 ||| READING scroll labelled ENUKHLU TADD.
  1126 | D:1      | 1126 ||| READING scroll labelled SAINEUXKUFOW.
  1127 | D:1      | 1127 ||| DROPPING scroll of blinking.
  1233 | D:2      | Found a faded altar of an unknown god.
  1234 | D:2      | 1234 ||| DROPPING +0 mace.
  1260 | D:2      | 1260 ||| Stepping ~*~*~tactically~*~*~ (stealth).
  1514 | D:2      | Reached XP level 3. HP: 19/21 MP: 7/7
  1528 | D:2      | 1528 ||| Stepping ~*~*~tactically~*~*~ (stealth).
  1635 | D:2      | Reached skill level 4 in Axes
  1696 | D:2      | 1696 ||| Stepping ~*~*~tactically~*~*~ (stealth).
  1701 | D:2      | 1701 ||| Stepping ~*~*~tactically~*~*~ (stealth).
  1710 | D:2      | 1710 ||| Stepping ~*~*~tactically~*~*~ (stealth).
  2149 | D:2      | 2149 ||| UPGRADING to +0 chain mail.
  2159 | D:2      | 2159 ||| DROPPING +0 leather armour.
  2160 | D:2      | 2160 ||| READING scroll labelled LEIGES SERREF.
  2161 | D:2      | 2161 ||| READING scroll labelled ESUPNOI WOMO.
  2262 | D:2      | 2262 ||| READING scroll labelled ROLEOL SAIPRI.
  2263 | D:2      | 2263 ||| READING 3 scrolls labelled LOANATW ESEFIPS.
  2264 | D:2      | 2264 ||| READING 2 scrolls of identify.
  2264 | D:2      | 2264 ||| IDENTIFYING sedimented ruby potion
  2265 | D:2      | 2265 ||| DROPPING potion of berserk rage.
  2266 | D:2      | 2266 ||| DROPPING 2 scrolls of amnesia.
  2312 | D:3      | 2312 ||| STAIRDANCE
  2482 | D:3      | 2482 ||| Stepping ~*~*~tactically~*~*~ (stealth).
  2675 | D:3      | 2675 ||| FLEEEEING.
  2676 | D:3      | 2676 ||| FLEEEEING.
  2677 | D:3      | 2677 ||| FLEEEEING.
  2678 | D:3      | 2678 ||| FLEEEEING.
  2679 | D:3      | 2679 ||| FLEEEEING.
  2680 | D:3      | 2680 ||| FLEEEEING.
  2681 | D:3      | 2681 ||| FLEEEEING.
  2682 | D:3      | 2682 ||| FLEEEEING.
  2687 | D:3      | 2687 ||| STAIRDANCE
  2774 | D:2      | 2774 ||| READING scroll labelled JIHA DARAMA.
  2817 | D:3      | Noticed a wight
  2828 | D:3      | Killed a wight
  2829 | D:3      | Reached skill level 5 in Axes
  2829 | D:3      | Reached XP level 4. HP: 7/26 MP: 8/8
  3071 | D:3      | Slain by a wight

Levels and vault maps discovered:
D:1:      scummos_arrival_simple_fountains, layout_loops_cross
D:2:      layout_basic, shapermc_ecumenical_altar_mp_vishouse
D:3:      layout_basic, minmay_randomly_rotated_circles

Skill      XL: |  1  2  3 |
---------------+----------+-----
Axes           | 3 5 |  5.3
Fighting       | |  2.0
Throwing       | |  1.0
Armour         | |  1.1
Dodging        | |  2.1
Spellcasting   | |  2.0
Translocations | |  2.4

Action                   |  1- 3 |  4- 6 || total
-------------------------+-------+-------++-------
Melee: Hand axe          |    98 |     3 ||   101
       Kick              |    21 |     1 ||    22
       Peck              |    14 |       ||    14
Throw: Boomerang         |     7 |       ||     7
  Use: Scroll            |    11 |       ||    11
Armor: Leather armour    |     7 |       ||     7
       Chain mail        |    23 |       ||    23
Dodge: Dodged            |    27 |     1 ||    28

Table legend:
 A = Non-vault XP
 B = Vault XP
 C = Vault XP percentage of total XP
 D = Non-vault monster count
 E = Vault monster count
 F = Vault count percentage of total count
                 A         B        C        D         E       F
            +---------+---------+-------+---------+---------+-------
      Total |     145 |       0 |   0.0 |      37 |       0 |   0.0
            +---------+---------+-------+---------+---------+-------
        D:1 |      24 |       0 |   0.0 |      14 |       0 |   0.0
        D:2 |      32 |       0 |   0.0 |      13 |       0 |   0.0
        D:3 |      89 |       0 |   0.0 |      10 |       0 |   0.0
            +---------+---------+-------+---------+---------+-------
